 Dungeon Crawl Stone Soup version 0.29.1-13-g9f3cf754e1 (webtiles) character file.

Game seed: 6837816894766833781

3 Thatpatchoflichen the Poker (level 1, 0/17 HPs)
             Began as a Draconian Gladiator on Feb 1, 2023.
             Slain by an adder (3 damage)
             ... on level 2 of the Dungeon.
             The game lasted 00:00:52 (86 turns).

Thatpatchoflichen the Poker (Draconian Gladiator)     Turns: 86, Time: 00:00:53

Health: 0/17       AC:  4    Str: 16    XL:     1   Next: 41%
Magic:  1/1        EV: 12    Int:  8    God:
Gold:   2          SH:  0    Dex: 12    Spells: 0/0 levels left

rFire   . . .      SeeInvis .   a - +0 trident
rCold   . . .      Faith    .   (no shield)
rNeg    . . .      Spirit   .   (body armour unavailable)
rPois   .          Reflect  .   b - +0 hat
rElec   .          Harm     .   (no cloak)
rCorr   .          Rampage  .   (no gloves)
Will    .....                   (no boots)
Stlth   +.........              (no amulet)
HPRegen 0.05/turn               (no ring)
MPRegen 0.07/turn               (no ring)

@: lethally poisoned (0 -> -5)
A: AC +4, unfitting armour, cold-blooded
a: no special abilities


You were on level 2 of the Dungeon.
You visited 1 branch of the dungeon, and saw 2 of its levels.

You collected 2 gold pieces.

Inventory:

Hand Weapons
 a - a +0 trident (weapon)
Missiles
 c - 3 throwing nets (quivered)
 d - a javelin
Armour
 b - a +0 hat (worn)


   Skills:
 + Level 2.3 Fighting
 + Level 3.0 Polearms
 - Level 1.7 Throwing
 + Level 2.7 Dodging


You couldn't memorise any spells.
You didn't know any spells.
Your spell library was empty.

Dungeon Overview and Level Annotations

Branches:
Dungeon (2/15)

Altars:

Shops:
D:1 *


Innate Abilities, Weirdness & Mutations

Your plain brown scales are hard. (AC +4)
You cannot fit into any form of body armour.
You are cold-blooded and may be slowed by cold attacks.


Message History

The rat bites you but does no damage.
You barely miss the rat. The rat closely misses you.
You barely miss the rat. The rat misses you.
You closely miss the rat.
Your tail-slap misses the rat.
The rat bites you but does no damage.
You barely miss the rat. The rat bites you but does no damage.
The rat bites you.
You puncture the rat!
You kill the rat!
You see here a rat corpse.
There is a stone staircase leading down here.
You climb downwards.
Found 5 stones.
There is a stone staircase leading up here.
You climb upwards.
There is a stone staircase leading down here.
There is a stone staircase leading down here.
You climb downwards.
The adder hisses angrily.
The adder misses you.
There is a stone staircase leading up here.
You closely miss the adder. The adder bites you.
You are poisoned.
The adder poisons you! The adder bites you but does no damage.
You miss the adder.
You feel sick. The adder closely misses you.
You closely miss the adder.
Your tail-slap misses the adder.
You feel sick. The adder barely misses you.
The adder bites you but does no damage.
You closely miss the adder.
You feel sick. The adder barely misses you.
You miss the adder.
You feel sick. The adder bites you.
You are lethally poisoned!
The adder poisons you! The adder closely misses you.
Unknown command.
You closely miss the adder.
* * * LOW HITPOINT WARNING * * *
You feel sick. The adder bites you but does no damage.
You barely miss the adder. You tail-slap the adder.
The adder is heavily wounded.
* * * LOW HITPOINT WARNING * * *
You feel sick. The adder bites you but does no damage. The adder bites you.
You die...

#####
#...
#..#
#S.#
#@.#
#..#
...#
.#.##
.....
##
#.#
#.#
#..


You could see an adder.

Vanquished Creatures
  An endoplasm (D:1)
  2 frilled lizards (D:1)
  A rat (D:1)
4 creatures vanquished.

Notes
Turn   | Place    | Note
-------+----------+-------------------------------------------
     0 | D:1      | Thatpatchoflichen the Draconian Gladiator began the quest
                  | for the Orb.
     0 | D:1      | Reached XP level 1. HP: 17/17 MP: 1/1
    12 | D:1      | Found Oqecor's Assorted Antiques.
    86 | D:2      | Slain by an adder

Illustrated notes

Levels and vault maps discovered:
D:1:      sevenhm_arrival_forest_fort_small_6, layout_loops_cross,
          dreamdust_ecumenical_altar_drowned_temple, serial_shops,
          nicolae_shop_window_shopping, shop, nicolae_shop_stone,
          nicolae_shop_behind_doors, nicolae_shop_bloodbath_and_beyond
D:2:      layout_loops_ring, minmay_misc_feat_pillars

Action                   || total
-------------------------++-------
Melee: Trident           ||    15
       Tailslap          ||     1
Armor: Skin              ||     7
Dodge: Dodged            ||     7
